 Dungeon Sprint DCSS version 0.20-a0-833-gc632bec (webtiles) character file.

1064 esc the Jinx (level 8, -1/40 HPs)
             Began as a Felid Enchanter on Mar 7, 2017.
             Was a Follower of Wu Jian.
             Slain by a centaur warrior (10 damage)
             ... while paralysed by a floating eye
             ... in the Dungeon (Sprint I: "Red Sonja").
             The game lasted 00:04:41 (717 turns).

esc the Jinx (Felid Enchanter)                       Turns: 717, Time: 00:04:42

Health: -1/40      AC:  2    Str:  4    XL:     8   Next: 6%
Magic:  20/20      EV:  4    Int: 19    God:    Wu Jian [*.....]
Gold:   555        SH:  0    Dex: 16    Spells: 10/22 levels left
                                        Lives:  0   Deaths: 2

rFire    . . .     SeeInvis +     - Unarmed
rCold    . . .     Gourm    .   (armour unavailable)
rNeg     . . .     Faith    .   (shield unavailable)
rPois    .         Spirit   .   (helmet unavailable)
rElec    .         Reflect  .   (cloak unavailable)
rCorr    .         Harm     .   (gloves unavailable)
MR       +....     NoTele   +   (boots unavailable)
Stlth    +++++.....             (no amulet)
Regen    0.2/turn               (no ring)
MPRegen  0.2/turn               (no ring)

@: paralysed, quick
A: no armour, no weapons or thrown items, stealth, claws 1, fangs 3, see
invisible, carnivore 3, speed 1, shaggy fur 2, slow metabolism 1, sharp paws
a: Renounce Religion


You were in the Dungeon.
You worshipped Wu Jian.
Wu Jian was aware of your devotion.
You were very full.

You visited 1 branch You collected 555 gold pieces.

Inventory:

Wands
 j - a wand of confusion (25/48)
   (You found it in the Dungeon)
Scrolls
 g - a scroll of remove curse {unknown}
 h - a scroll of blinking {!r}
Potions
 c - a potion of curing
 d - a potion of heal wounds
 e - a potion of haste
 f - 2 potions of magic
Books
 a - a book of Maledictions
Comestibles
 b - a meat ration {@e2}


   Skills:
 + Level 7.9 Fighting
 + Level 10.6 Dodging
 + Level 11.7 Stealth
 + Level 8.0 Unarmed Combat
 + Level 7.5 Spellcasting
 + Level 12.0 Hexes


You had 10 spell levels left.
You knew the following spells:

 Your Spells              Type           Power        Failure   Level  Hunger
a - Ensorcelled Hibernat  Hex/Ice        ####..       1%          2    None
b - Tukima's Dance        Hex            ######..     1%          3    #......
c - Confuse               Hex            ######..     1%          3    #......
d - Dazzling Spray        Conj/Hex       ####..       2%          3    #......
v - Corona                Hex            ######.      1%          1    None


Dungeon Overview and Level Annotations

Branches:
Dungeon (1/1)

Altars:
Cheibriados
Dithmenos
Elyvilon
Fedhas
Gozag
Hepliaklqana
Kikubaaqudgha
Makhleb
Nemelex Xobeh
Okawaru
Qazlal
Ru
Sif Muna
Trog
Uskayaw
Vehumet
Wu Jian
Xom
Yredelemnul
Zin
The Shining One
Jiyva
Lugonu

Shops:
D ![


Innate Abilities, Weirdness & Mutations

You cannot wear armour.
You are incapable of wielding weapons or throwing items.
Your paws allow you to move quietly. (Stealth)
You have sharp claws.
You have razor-sharp teeth.
You have supernaturally acute eyesight. (SInv)
You are carnivorous and can eat meat at any time.
You cover ground quickly.
You are covered in thick fur. (AC +2)
You have a slow metabolism.
Your sharp claws are effective at attacking unaware monsters.


Message History

The deep troll completely misses you. x3
You now have 7/16 mp.
Aim: a deep troll (almost dead, chance to defeat MR: 53%)
The deep troll appears confused.
The deep troll laughs at nothing.
You now have 4/16 mp.
The deep troll bites itself!!
The deep troll is killed!
The Council accepts your kill.
The troll leather armour is intact enough to wear.
Your Fighting skill increases to level 7!
Your Dodging skill increases to level 10!
Your Stealth skill increases to level 11!
Your Spellcasting skill increases to level 7!
Your Hexes skill increases to level 11!
Welcome back to level 7!
You see here 16 arrows.
You regained 2 hp, and now have 15/36 hp.
No target in view!
Things that are here:
a +0 troll leather armour {regen}; a deep troll corpse You butcher the deep troll corpse.
i - 5 chunks of flesh {@w0} You see here a +0 troll leather armour {regen}.
There is an open door, spattered with blood here.
You now have 458 gold pieces (gained 27).
You now have 485 gold pieces (gained 27).
As you open the door, it creaks loudly!
Found 16 gold pieces and a copper wand.
Found Ilumoic's Armour Emporium.
There is an open door here.
You now have 501 gold pieces (gained 16).
j - a wand of confusion (?/48)
There is an entrance to Ilumoic's Armour Emporium here.
There is an open door here.
You now have 528 gold pieces (gained 27).
You now have 555 gold pieces (gained 27).
You start resting.
Eating one of 5 chunks of flesh {@w0}.
You eat one of the 5 chunks of flesh {@w0}.
This raw flesh tastes great.
Eating one of 4 chunks of flesh {@w0}.
You eat one of the 4 chunks of flesh {@w0}.
This raw flesh tastes great.
Eating one of 3 chunks of flesh {@w0}.
You eat one of the 3 chunks of flesh {@w0}.
This raw flesh tastes great.
Eating one of 2 chunks of flesh {@w0}.
You eat one of the 2 chunks of flesh {@w0}.
This raw flesh tastes great.
Eating a chunk of flesh {@w0}.
You eat the chunk of flesh {@w0}.
This raw flesh tastes great.
You regained 13 hp, and now have 30/36 hp.
MP restored: 18
Aim: a kobold demonologist, wielding a dagger and wearing a robe (hasn't noticed you, chance to defeat MR: 39%)
The kobold demonologist shouts!
The kobold demonologist easily resists.
The kobold demonologist hits you with a dagger.
You take 2 damage, and have 28/36 hp.
You now have 16/18 mp.
Aim: a kobold demonologist, wielding a dagger and wearing a robe (chance to defeat MR: 39%)
The kobold demonologist easily resists.
The kobold demonologist completely misses you.
You now have 14/18 mp.
Aim: a kobold demonologist, wielding a dagger and wearing a robe (chance to defeat MR: 39%)
The kobold demonologist easily resists.
The kobold demonologist completely misses you.
You now have 12/18 mp.
Aim: a kobold demonologist, wielding a dagger and wearing a robe (purple smoke, chance to defeat MR: 39%)
The kobold demonologist easily resists.
The kobold demonologist casts a spell.
You now have 10/18 mp.
Aim: a kobold demonologist, wielding a dagger and wearing a robe (chance to defeat MR: 39%)
The kobold demonologist looks drowsy...
You now have 8/18 mp.
The helpless kobold demonologist fails to defend itself.
You eviscerate the kobold demonologist!!!
You kill the kobold demonologist!
The Council accepts your kill.
Your Unarmed Combat skill increases to level 8!
Your Hexes skill increases to level 12!
You have reached level 8!
You regained 3 hp, and now have 32/40 hp.
You start resting.
Health restored: 40; MP restored: 20
There is an open door, spattered with blood here.
Things that are here:
a dagger; a robe You see here 16 arrows. 2 centaur warriors come into view.
There is an open door here.
You enter the shallow water.
Moving in this stuff is going to be slow.
The floating eye turns its gaze towards you.
You spin and attack the floating eye.
You scratch the floating eye.
The floating eye gazes piercingly through you!
You suddenly lose the ability to move!
The centaur warrior shouts! x2
The centaur warrior hits you. The centaur warrior hits you!
The floating eye's view fixates on you.
The centaur warrior hits you. x2; The centaur warrior hits you! x2
* * * LOW HITPOINT WARNING * * *
The centaur warrior barely misses you. The centaur warrior hits you!
You die...

#######################
#.)'..#.['..#__#..'†G4#
)..#..'.)#..'..'..#3K.#
#####'#####'#__####3..+
####..#...#.####§§#####
#__####..##(#§§§§c#
#_____##'#_.'≈§G@§+
#_.∩...'..._#≈§≈.c#
#_..__##_.#'##§####
#_____###+#(#§§(.###
####### ####)###.##
+.....'.∩# ##########


You could see 2 centaur warriors and a floating eye.

Vanquished Creatures
  A deep troll (D)
  2 kobold demonologists (D)
  A slime creature (D)
  A yak (D)
  An ogre (D)
  A jelly (D)
  Ijyb (D)
8 creatures vanquished.

Vanquished Creatures (collateral kills)
  Sigmund (D)
1 creature vanquished.

Grand Total: 9 creatures vanquished

Notes
Turn   | Place    | Note
-------+----------+-------------------------------------------
     0 | D        | esc the Felid Enchanter began the quest for the Orb.
     0 | D        | Reached XP level 1. HP: 7/7 MP: 4/4
     1 | D        | Noticed Ijyb
     9 | D        | Killed Ijyb
     9 | D        | Reached skill level 2 in Fighting
     9 | D        | Reached skill level 4 in Dodging
     9 | D        | Reached skill level 5 in Stealth
     9 | D        | Reached skill level 2 in Unarmed Combat
     9 | D        | Reached skill level 5 in Hexes
     9 | D        | Reached XP level 2. HP: 13/13 MP: 4/6
    18 | D        | Learned a level 2 spell: Ensorcelled Hibernation
    43 | D        | Noticed an ogre
    54 | D        | Killed an ogre
    54 | D        | Reached skill level 3 in Fighting
    54 | D        | Reached skill level 5 in Dodging
    54 | D        | Reached skill level 6 in Stealth
    54 | D        | Reached skill level 3 in Unarmed Combat
    54 | D        | Reached skill level 3 in Spellcasting
    54 | D        | Reached skill level 6 in Hexes
    54 | D        | Reached XP level 3. HP: 17/17 MP: 3/9
    54 | D        | Reached XP level 4. HP: 21/21 MP: 3/10
   122 | D        | Learned a level 3 spell: Confuse
   126 | D        | Learned a level 3 spell: Tukima's Dance
   126 | D        | Noticed Sigmund
   134 | D        | Killed Sigmund
   134 | D        | Reached skill level 4 in Fighting
   134 | D        | Reached skill level 6 in Dodging
   134 | D        | Reached skill level 8 in Stealth
   134 | D        | Reached skill level 4 in Unarmed Combat
   134 | D        | Reached skill level 4 in Spellcasting
   134 | D        | Reached skill level 8 in Hexes
   134 | D        | Reached XP level 5. HP: 23/25 MP: 5/13
   200 | D        | Found an ornate altar of the Wu Jian Council.
   200 | D        | Found a deep blue altar of Sif Muna.
   202 | D        | Found a radiant altar of Vehumet.
   208 | D        | Reached skill level 5 in Fighting
   208 | D        | Reached skill level 7 in Dodging
   208 | D        | Reached skill level 5 in Unarmed Combat
   208 | D        | Gained mutation: You are covered in thick fur. (AC +2) [Felid growth]
   208 | D        | Reached XP level 6. HP: 30/30 MP: 3/14
   212 | D        | Became a worshipper of the Wu Jian Council
   285 | D        | Found Odit's Distillery.
   285 | D        | Found an ancient bone altar of Kikubaaqudgha.
   285 | D        | Found a hazy altar of Hepliaklqana.
   285 | D        | Found a stormy altar of Qazlal.
   285 | D        | Found a hide-covered altar of Uskayaw.
   285 | D        | Found a blossoming altar of Fedhas.
   285 | D        | Found a bloodstained altar of Trog.
   285 | D        | Found an iron altar of Okawaru.
   285 | D        | Found a basalt altar of Yredelemnul.
   285 | D        | Found a glowing golden altar of the Shining One.
   285 | D        | Found a snail-covered altar of Cheibriados.
   285 | D        | Found a sacrificial altar of Ru.
   285 | D        | Found a glowing silver altar of Zin.
   285 | D        | Found a shadowy altar of Dithmenos.
   285 | D        | Found a white marble altar of Elyvilon.
   285 | D        | Noticed a yak
   286 | D        | Found an opulent altar of Gozag.
   293 | D        | Killed a yak
   293 | D        | Reached skill level 8 in Dodging
   293 | D        | Reached skill level 9 in Stealth
   293 | D        | Reached skill level 5 in Spellcasting
   293 | D        | Reached skill level 9 in Hexes
   298 | D        | Found a sparkling altar of Nemelex Xobeh.
   344 | D        | Found a burning altar of Makhleb.
   344 | D        | Found a viscous altar of Jiyva.
   344 | D        | Found a shimmering altar of Xom.
   344 | D        | Found a corrupted altar of Lugonu.
   344 | D        | Noticed a slime creature
   363 | D        | Slain by a slime creature
   364 | D        | Reached XP level 5. HP: 0/27 MP: 5/14
   397 | D        | Killed a slime creature
   397 | D        | Reached skill level 6 in Fighting
   397 | D        | Reached skill level 6 in Unarmed Combat
   397 | D        | Reached skill level 6 in Spellcasting
   397 | D        | Reached skill level 10 in Hexes
   397 | D        | Reached XP level 6. HP: 25/31 MP: 8/16
   480 | D        | Learned a level 3 spell: Dazzling Spray
   480 | D        | Noticed a kobold demonologist
   480 | D        | Noticed a floating eye
   481 | D        | Noticed a soul eater
   481 | D        | Noticed a kobold demonologist
   484 | D        | Noticed an ice devil
   485 | D        | Killed a kobold demonologist
   485 | D        | Reached * piety under Wu Jian
   485 | D        | Reached skill level 9 in Dodging
   485 | D        | Reached skill level 10 in Stealth
   485 | D        | Reached skill level 7 in Unarmed Combat
   485 | D        | Reached XP level 7. HP: 21/35 MP: 12/17
   485 | D        | Paralysed by a floating eye for 4 turns
   486 | D        | Noticed a smoke demon
   488 | D        | HP: 5/35 [soul eater[a kobold demonologist] (7)]
   489 | D        | Slain by a soul eater
   490 | D        | Reached XP level 6. HP: -4/31 MP: 13/16
   495 | D        | Noticed a deep troll
   505 | D        | Killed a deep troll
   505 | D        | Reached skill level 7 in Fighting
   505 | D        | Reached skill level 10 in Dodging
   505 | D        | Reached skill level 11 in Stealth
   505 | D        | Reached skill level 7 in Spellcasting
   505 | D        | Reached skill level 11 in Hexes
   505 | D        | Reached XP level 7. HP: 15/36 MP: 4/18
   514 | D        | Found Ilumoic's Armour Emporium.
   641 | D        | Noticed a red devil
   642 | D        | Killed a kobold demonologist
   642 | D        | Reached skill level 8 in Unarmed Combat
   642 | D        | Reached skill level 12 in Hexes
   642 | D        | Reached XP level 8. HP: 32/40 MP: 8/20
   712 | D        | Noticed a centaur warrior
   712 | D        | Noticed a centaur warrior
   713 | D        | Paralysed by a floating eye for 4 turns
   716 | D        | HP: 9/40 [centaur warrior (7)]
   717 | D        | Slain by a centaur warrior

Vault maps used:
D:        dungeon_sprint_1

Skill      XL: |  1  2  3  4  5  6  7 |
---------------+----------------------+-----
Fighting       | 2 3 4 6 7 |  7.9
Dodging        | 4 5 6 7 10 | 10.6
Stealth        | 5 6 8 11 | 11.7
Unarmed Combat | 2 3 4 6 7 8 |  8.0
Hexes          | 5 6 8 10 11 12 | 12.0
Spellcasting   | 3 4 6 7 |  7.5

Action                   |  1- 3 |  4- 6 |  7- 9 || total
-------------------------+-------+-------+-------++-------
Melee: Unarmed           |     7 |    17 |     2 ||    26
       Bite              |       |     4 |       ||     4
 Cast: Ensorcelled Hiber |     1 |    18 |     5 ||    24
       Corona            |     1 |       |       ||     1
       Tukima's Dance    |       |     1 |       ||     1
       Confuse           |       |     6 |       ||     6
  Use: Potion            |     1 |       |       ||     1
 Stab: Sleeping          |     2 |     7 |     1 ||    10
       Confused          |       |     2 |       ||     2
  Eat: Chunk             |     2 |     8 |     5 ||    15
Dodge: Dodged            |     5 |    22 |     6 ||    33

Vault maps used:
D:        dungeon_sprint_1

Table legend:
 A = Turns spent in this place as a percentage of turns spent in the entire game.
 B = Non-inter-level travel turns spent in this place as a percentage of non-inter-level travel turns spent in the entire game.
 C = Inter-level travel turns spent in this place as a percentage of turns spent in this place.
 D = Turns resting spent in this place as a percentage of non-inter-level travel turns spent in this place.
 E = Turns spent auto-exploring this place as a percentage of non-inter-level travel turns spent in this place.
 F = Non-inter-level travel turns spent in this place divided by the number of levels of this place that you've seen.
                   A       B       C       D       E      F
               +-------+-------+-------+-------+-------+----------------------
         Total | 100.0 | 100.0 |   0.0 |   6.9 |   0.0 | 274.0
       Dungeon | 100.0 | 100.0 |   0.0 |   6.9 |   0.0 | 274.0
               +-------+-------+-------+-------+-------+----------------------

Table legend:
 A = Kills in this place as a percentage of kills in entire the game.
 B = Kills by you in this place as a percentage of kills by you in the entire game.
 C = Kills by friends in this place as a percentage of kills by friends in the entire game.
 D = Other kills in this place as a percentage of other kills in the entire game.
 E = Experience gained in this place as a percentage of experience gained in the entire game.
 F = Experience gained in this place divided by the number of levels of this place that you have seen.
                   A       B       C       D       E      F
               +-------+-------+-------+-------+-------+----------------------
         Total | 100.0 | 100.0 | 100.0 | 100.0 | 100.0 | 2260.0
       Dungeon | 100.0 | 100.0 | 100.0 | 100.0 | 100.0 | 2260.0
               +-------+-------+-------+-------+-------+----------------------
